 Dungeon Crawl Stone Soup version 0.15.2 (webtiles) character file.

215 4tharraofdagon the Chopper (level 5, -10/46 HPs)
             Began as a Draconian Wanderer on Feb 14, 2015.
             Was a Follower of Qazlal.
             Killed by divine providence
             ... invoked by an orc priest
              (12 damage)
             ... on Level 4 of the Dungeon.
             The game lasted 00:08:14 (1721 turns).

4tharraofdagon the Chopper (Draconian Wanderer)     Turns: 1721, Time: 00:08:15

HP -10/46        AC  7     Str 14      XL: 5   Next: 60%
MP   7/7         EV 11     Int 15      God: Qazlal [*.....]
Gold 196         SH  5     Dex 10      Spells:  0 memorised,  4 levels left

rFire  . . .     SeeInvis .     a - +2 hand axe
rCold  + . .     Clarity  .     (armour unavailable)
rNeg   . . .     rCorr    .     o - +0 buckler
rPois  .         rRot     .     (helmet restricted)
rElec  .         Spirit   .     (no cloak)
SustAb .         Warding  .     s - +0 pair of gloves
rMut   .         Stasis   .     p - +0 pair of boots
Gourm  .                        (no amulet)
MR     .....                    u - ring of protection from cold
                                l - +1 ring of intelligence

@: not resistant to hostile enchantments, very unstealthy
A: unfitting armour, cold-blooded, AC +5
a: Renounce Religion


You were on level 4 of the Dungeon.
You worshipped Qazlal.
Qazlal was aware of your devotion.
You were not hungry.

You visited 1 branch of the dungeon, and saw 4 of its levels.

You collected 196 gold pieces.

Inventory:

Hand weapons
 a - a +2 hand axe (weapon)
 b - a +0 hand crossbow
Missiles
 e - 51 bolts
Armour
 o - a +0 buckler (worn)
 p - a +0 pair of boots (worn)
 s - a +0 pair of gloves (worn)
Comestibles
 c - 3 chunks of worker ant flesh
 f - a bread ration
 g - a meat ration
 k - a beef jerky
 n - 4 fruits
 r - 2 rotting chunks of worm flesh
 v - a slice of pizza
 w - 2 rotting chunks of quokka flesh
Jewellery
 j - an uncursed ring of flight
 l - a +1 ring of intelligence (left hand)
 u - a ring of protection from cold (right hand)
Potions
 d - 2 potions of might
 h - a potion of cancellation {unknown}
 m - a potion of heal wounds
 q - a potion of cure mutation
 t - a potion of restore abilities


   Skills:
 + Level 4.1 Fighting
 * Level 6.0 Axes
 - Level 1.0 Throwing
 + Level 2.1 Dodging
 * Level 2.8 Invocations
 - Level 1.0 Evocations


You had 4 spell levels left.
You didn't know any spells.

Dungeon Overview and Level Annotations

Branches:
Dungeon (4/15)
 Temple: D:4-7

Altars:
Elyvilon
Qazlal
The Shining One

Shops:
D:4 :

Annotations:
D:4 Edmund, Pikel


Innate Abilities, Weirdness & Mutations

Your plain brown scales are hard (AC +5).
Your body does not fit into most forms of armour.
Your cold-blooded metabolism reacts poorly to cold.


Message History

The orc drinks a potion.
The orc seems to speed up.
Unknown command.
Unknown command.
The orc closely misses you.
Found a stone staircase leading up.
Unknown command.
The orc priest mumbles some strange prayers to Beogh against you.
Something smites you!
Unknown command.
The orc priest mumbles some strange prayers to Beogh against you.
Pain shoots through your body!
Unknown command.
The orc priest mumbles some strange prayers to Beogh against you.
Something smites you!
* * * LOW HITPOINT WARNING * * *
The orc hits you but does no damage.
Unknown command.
The orc priest invokes the aid of Beogh against you.
Something smites you!
You die...

.###.#......##K##.#####.# #.####
...%.#.#..∩pp..##.#####.####.##..
..........#K#####.##............#
..........#.# #........####.....
...###.##.#@# #..##.#..# ######
)#####.##.#.# #........#
....##......# #.##.##.##
###.####...#####.......# ###[#
#)...poo.@# ###
..#.####....#.......#
#.#.....)......#.##<#
.....%......{....# #
...............#..
#.@#####.>.o#)##.## #§.#
#.........# #§.# #...##..... ####
...# #..####################...


You could see a slave, an orc priest and 2 orcs.

Vanquished Creatures
  2 orc wizards (D:3)
  A worker ant (D:4)
  Jessica (D:2)
  3 adders (D:3)
  2 worms
  4 giant geckos
  10 orcs
  A ball python (D:3)
  4 giant cockroaches
  5 goblins
  6 hobgoblins
  6 jackals
  5 kobolds
  2 quokkas (D:4)
  10 bats
  A giant newt (D:2)
  A goblin skeleton (D:4)
  A kobold zombie (D:3)
  10 rats
75 creatures vanquished.

Notes
Turn   | Place    | Note
--------------------------------------------------------------
     0 | D:1      | 4tharraofdagon, the Draconian Wanderer, began the quest for the Orb.
     0 | D:1      | Reached XP level 1. HP: 19/19 MP: 1/1
   153 | D:1      | Reached XP level 2. HP: 26/26 MP: 2/2
   310 | D:1      | Reached skill level 1 in Dodging
   408 | D:2      | Noticed Jessica
   414 | D:2      | Killed Jessica
   414 | D:2      | Reached XP level 3. HP: 29/33 MP: 3/3
   557 | D:3      | Found a stormy altar of Qazlal.
   564 | D:3      | Became a worshipper of Qazlal Stormbringer
   735 | D:2      | Found a white marble altar of Elyvilon.
   867 | D:3      | Reached skill level 1 in Invocations
   867 | D:3      | Reached XP level 4. HP: 12/40 MP: 4/4
  1084 | D:3      | Reached XP level 5. HP: 31/46 MP: 6/6
  1203 | D:3      | Acquired Qazlal's first power
  1437 | D:4      | Found Olaul's Book Emporium.
  1464 | D:4      | Noticed Edmund
  1560 | D:4      | Found a glowing golden altar of the Shining One.
  1644 | D:4      | Reached skill level 6 in Axes
  1675 | D:4      | Noticed a slave
  1675 | D:4      | Noticed a slave
  1677 | D:4      | Noticed Pikel
  1682 | D:4      | Noticed a slave
  1720 | D:4      | HP: 2/46 [orc priest/divine providence (14)]
  1721 | D:4      | Killed from afar by an orc priest

Action                   |  1- 3 |  4- 6 || total
-------------------------+-------+-------++-------
Melee: Hand axe          |    90 |   124 ||   214
 Fire: Hand crossbow     |    13 |       ||    13
  Use: Scroll            |     5 |     2 ||     7
       Potion            |     1 |     2 ||     3
  Eat: Chunk             |       |     3 ||     3
